 Dungeon Crawl Stone Soup version 0.30-a0-1163-gf69bf04e7a (webtiles) character file.

Game seed: 15433237191861686642

87119 Lavandula the Black Sun (level 15, -5/108 HPs)
             Began as a Mummy Wanderer on Apr 27, 2023.
             Was a High Priest of Kikubaaqudgha.
             Killed from afar by a ynoxinul (18 damage)
             ... with an iron shot
             ... on level 2 of the Abyss on Apr 28, 2023.
             The game lasted 01:32:04 (23564 turns).

Lavandula the Black Sun (Mummy Wanderer)           Turns: 23564, Time: 01:32:05

Health: -5/108     AC: 18    Str: 12    XL:     15   Next: 42%
Magic:  18/28      EV: 12    Int: 20    God:    Kikubaaqudgha [*****.]
Gold:   272        SH:  0    Dex: 20    Spells: 1/32 levels left

rFire   x . .        E - +4 triple sword (flame)
rCold   + . .        (shield currently unavailable)
rNeg    + + +        i - +2 robe {Archmagi}
rPois   ∞            (no helmet)
rElec   .            J - +1 cloak
rCorr   .            B - +2 pair of gloves
SInv    .            z - +2 pair of boots {rampage}
Will    +....        x - amulet of regeneration
Stlth   ++           a - +4 ring of protection
HPRegen 1.18/turn    t - +6 ring of dexterity
MPRegen 0.21/turn

%: rampage, faith, archmagi
@: animating dead
A: cold resistance 1, negative energy resistance 3, torment resistance 2, heat
vulnerability 1, in touch with death 2, no potions, faith
a: Renounce Religion, Unearth Wretches, Torment


You were on level 2 of the Abyss.
You worshipped Kikubaaqudgha.
Kikubaaqudgha was extremely pleased with you.
You visited 4 branches of the dungeon, and saw 22 of its levels.
You visited the Abyss 1 time.
You also visited: Bailey, Gauntlet, Ice Cave and Volcano.

You collected 1971 gold pieces.
You spent 1699 gold pieces at shops.

Inventory:

Hand Weapons
 r - a +0 demon blade of freezing
 y - the +11 dagger "Huvaz" {flame, *Rage rElec rN+ Str+3}
   (You found it on level 7 of the Dungeon)

   Str:       It affects your strength (+3).
   rElec:     It insulates you from electricity.
   rN:        It protects you from negative energy.
   *Rage:     It berserks you when you make melee attacks (+20% chance).
 E - a +4 triple sword of flaming (weapon)
Missiles
 n - 15 poisoned darts (quivered)
 I - 3 datura-tipped darts
 Q - a throwing net
Armour
 e - the +8 scale mail of Mymmen {Int+6}
   (You found it on level 1 of the Lair of Beasts)

   Int:       It affects your intelligence (+6).
 i - a +2 robe of the Archmagi (worn)
 p - the +1 ring mail of the Dice {Rampage Stlth+}
   (You found it in a Gauntlet)

   Rampage:   It bestows one free step when moving towards enemies.
   Stlth:     It makes you more stealthy.
 z - a +2 pair of boots of rampaging (worn)
 B - a +2 pair of gloves (worn)
 J - a +1 cloak (worn)
 N - a +2 leather armour of fire resistance
Magical Staves
 F - a staff of cold
 L - a staff of poison
Jewellery
 a - a +4 ring of protection (left hand)
 h - a ring of magical power
 m - a ring of wizardry
 o - an amulet of the acrobat
 t - a +6 ring of dexterity (right hand)
 u - a ring of willpower
 x - an amulet of regeneration (around neck)
 A - a +6 ring of dexterity
 D - a ring of resist corrosion
Wands
 c - a wand of mindburst (6)
 l - a wand of iceblast (4)
 s - a wand of digging (5)
 w - a wand of flame (40)
 C - a wand of paralysis (9)
 P - a wand of acid (7)
 S - a wand of polymorph (3)
Scrolls
 b - 2 scrolls of silence
 d - 4 scrolls of teleportation
 f - 2 scrolls of immolation
 g - a scroll of magic mapping
 j - 4 scrolls of fog
 k - 4 scrolls of amnesia
 q - 9 scrolls of identify
 v - 3 scrolls of vulnerability
 G - 5 scrolls of blinking
 K - 2 scrolls of poison
 M - a scroll of brand weapon
 O - 2 scrolls of fear
 R - 2 scrolls of torment
Miscellaneous
 H - a phantom mirror (inert)


   Skills:
 - Level 7.1 Fighting
 - Level 6.6(9.2) Short Blades
 - Level 9.9(10.8) Long Blades
 - Level 8.2 Maces & Flails
 - Level 10.0 Armour
 - Level 1.0 Dodging
 - Level 1.2 Stealth
 - Level 3.0 Shields
 - Level 9.0 Spellcasting
 - Level 3.6 Conjurations
 - Level 14.2 Necromancy
 - Level 1.8 Transmutations
 + Level 3.0 Ice Magic
 - Level 2.2 Air Magic
 - Level 1.8 Earth Magic
 - Level 2.0 Poison Magic


You had one spell level left.
You knew the following spells:

 Your Spells              Type           Power      Damage    Failure   Level
a - Necrotise             Necr           100%       1d9       1%          1
b - Kiss of Death         Conj/Necr      100%       2d13      1%          1
c - Sting                 Tmut/Pois      96%        1d7       3%          1
d - Animate Dead          Necr           100%       N/A       1%          4
e - Blink                 Tloc           26%        N/A       12%         2
f - Mephitic Cloud        Conj/Pois/Air  29%        N/A       8%          3
g - Irradiate             Conj/Tmut      14%        3d16      56%         5
h - Dispel Undead         Necr           100%       3d31      1%          4
i - Anguish               Hex/Necr       45%        N/A       4%          4
j - Simulacrum            Ice/Necr       49%        N/A       34%         6

Your spell library contained the following spells:

 Spells                   Type           Power      Damage    Failure   Level
 Sandblast                Erth           48%        2d12      3%          1
 Slow                     Hex            52%        N/A       8%          1
 Summon Small Mammal      Summ           52%        N/A       8%          1
 Cigotuvi's Dreadful Rot  Necr/Pois/Air  100%       N/A       1%          2
 Vampiric Draining        Necr           100%       2d13      1%          3
 Agony                    Necr           100%       N/A       1%          5
 Momentum Strike          Conj/Tloc      48%        3d9       5%          2
 Passwall                 Tmut/Erth      20%        N/A       5%          2
 Hailstorm                Conj/Ice       33%        3d8       6%          3
 Stone Arrow              Conj/Erth      60%        3d10      8%          3
 Borgnjor's Vile Clutch   Necr/Erth      48%        N/A       8%          5
 Dazzling Flash           Conj/Hex       48%        N/A       11%         3
 Lesser Beckoning         Tloc           26%        N/A       12%         2
 Ignite Poison            Fire/Tmut/Pois 21%        N/A       14%         3
 Call Canine Familiar     Summ           13%        N/A       22%         3
 Confusing Touch          Hex            13%        N/A       22%         3
 Gell's Gravitas          Tloc           13%        N/A       22%         3
 Summon Guardian Golem    Hex/Summ       13%        N/A       22%         3
 Teleport Other           Tloc           13%        N/A       22%         3
 Petrify                  Tmut/Erth      24%        N/A       34%         4
 Sticky Flame             Conj/Fire      24%        2d5       36%         4
 Silence                  Hex/Air        10%        N/A       80%         5
 Infestation              Necr           61%        N/A       82%         8
 Haunt                    Necr/Summ      45%        N/A       98%         7
 Ozocubu's Refrigeration  Ice            15%        4d10      100%        7
 Ignition                 Fire           6%         3d4       100%        8
 Polar Vortex             Ice            15%        N/A       100%        9
 Sublimation of Blood     Necr           Unusable   N/A       N/A         2
 Ice Form                 Ice/Tmut       Unusable   N/A       N/A         4

Dungeon Overview and Level Annotations

Branches:
Dungeon (14/15)            Temple (1/1) D:7            Lair (5/5) D:8
  Swamp (0/4) Lair:3        Snake (0/4) Lair:3        Slime (0/5) Lair:5
    Orc (2/2) D:11            Elf (0/3) Orc:2        Vaults (0/5) D:13
 Bailey (visited)           IceCv (visited)         Volcano (visited)
Gauntlet (visited)

Altars:
Ashenzari
Dithmenos
Fedhas
Gozag
Kikubaaqudgha
Makhleb
Nemelex Xobeh
Okawaru
Qazlal
Trog
Uskayaw
Wu Jian
Xom
Yredelemnul
Jiyva

Shops:
D:2 !   D:10 *   D:12 *   Orc:2 [:(*

Portals:
Abyss: Lair:3

Annotations:
D:3 1 runed translucent door, Crazy Yiuf
Lair:3 2 transporters, choppaz's ghost, journeyman VSMo


Innate Abilities, Weirdness & Mutations

You are immune to poison.
Your flesh is cold resistant. (rC+)
You are immune to negative energy. (rN+++)
You are immune to unholy pain and torment.
You are vulnerable to heat. (rF-)
You are strongly in touch with the powers of death.
You do not drink.
You have a special connection with the divine. (Faith)


Message History

Unknown command.
A chaos spawn and a ynoxinul come into view.
A ynoxinul is nearby!
A ynoxinul is nearby!
A smoke demon comes into view.
A sixfirhy comes into view.
The sixfirhy hits you. The sixfirhy shocks you!
The sixfirhy hits you but does no damage.
You rampage towards the ynoxinul!
The ynoxinul bellows!
You slash the ynoxinul! You burn the ynoxinul.
The ynoxinul is moderately wounded.
You hear an angry buzzing noise.
You hear a screech!
The ynoxinul gestures.
Okay, then.
The demonspawn corrupter shouts!
Kikubaaqudgha calls piteous wretches from the earth!
The smoke demon gestures at you.
The ball of steam hits the ufetubus!!
The ufetubus dies!
The ufetubus disappears in a puff of smoke!
The ball of steam hits you!! The steam scalds you terribly!
* * * LOW HITPOINT WARNING * * *
The ball of steam hits the vault warden!!
The vault warden dies!
The dead are walking!
The ufetubus hits you but does no damage. x2
The ynoxinul gestures.
Okay, then.
You slash the ynoxinul! You burn the ynoxinul.
The ynoxinul is severely wounded.
You hear a shout!
The ufetubus barely misses you. The ufetubus closely misses you.
The ufetubus hits you but does no damage. x2
The ufetubus closely misses you. The ufetubus hits you.
* * * LOW HITPOINT WARNING * * *
The ufetubus is engulfed in a cloud of scalding steam.
The ynoxinul gestures at you. The iron shot hits you!!
You die...
Kikubaaqudgha rasps: "You have failed me!
Welcome... oblivion!"

#...# # # #.#
.#. ..#### #
#.. #..#.# ##.#
#.###.#......##
#.#......Z.Z...
##Z#3#.#
##.#...
#5§Q6..#
#5@#.### #35#.#
#55#.# #3§#§#
#.§§§2 #4##§#
#. .. ##


You could see a demonspawn corrupter (paralysed), a tengu reaver (paralysed), a
sixfirhy, a smoke demon, a ynoxinul (ally target), 5 ufetubi and a friendly
vault warden zombie.

Vanquished Creatures
  A frost giant (IceCv)
  A demonspawn black sun (Abyss:2)
  The ghost of spyp the Skirmisher, a journeyman HOHu of Okawaru (D:12)
  The ghost of Xevvocidgh the Skirmisher, a journeyman FoHs of Dithmenos (D:12)
  The ghost of Rueniydgh the Summoner, a journeyman OpSu of Gozag (D:12)
  A catoblepas (D:13)
  A boulder beetle (D:13)
  A centaur warrior (D:13)
  5 two-headed ogres
  6 death yaks (IceCv)
  An orc high priest (Orc:2)
  11 spriggans (Lair:5)
  A lindwurm (Volcano)
  2 orc knights (Orc:2)
  3 orc sorcerers (Orc:2)
  5 ugly things
  2 manticores
  5 salamanders (Volcano)
  3 cyclopes
  5 elephants
  An ice statue (IceCv)
  Joseph (D:7)
  2 black mambas
  2 torpor snails
  Maggie (Lair:2)
  5 cane toads
  4 rime drakes
  An unseen horror (D:12)
  7 komodo dragons
  7 trolls
  7 hornets
  7 polar bears
  14 blink frogs
  A dream sheep (Lair:5)
  A shadow (D:10)
  2 wyverns
  A vampire (D:11)
  2 basilisks
  A fire bat (Volcano)
  A yak (shapeshifter) (D:13)
  3 wraiths
  30 yaks
  An unseen horror simulacrum (D:8)
  4 vampire mosquitoes
  7 water moccasins
  2 hell hounds (Volcano)
  A small abomination (Abyss:2)
  3 ice beasts
  3 ogres
  2 black bears
  7 centaurs
  10 orc warriors
  7 boggarts
  37 wolves
  4 rime drake zombies (IceCv)
  A kobold brigand (D:6)
  7 bullfrogs
  3 gnoll sergeants
  6 scorpions
  11 wights
  11 killer bees
  A jelly (D:7)
  12 electric eels
  3 wolf zombies (Lair:5)
  A howler monkey (D:7)
  A crimson imp (Gauntlet)
  2 centaur zombies
  6 hounds
  A black bear zombie (Lair:5)
  A gnoll bouda (D:5)
  17 orc priests
  2 iguanas (D:5)
  2 sleepcaps
  Ijyb (D:4)
  18 orc wizards
  7 hell rats (Lair:2)
  15 gnolls
  5 adders
  7 river rats (Lair:2)
  4 shadow imps
  2 worms
  4 dart slugs
  59 orcs
  4 ball pythons
  A bat (D:1)
  3 endoplasms
  5 giant cockroaches
  7 goblins
  3 hobgoblins
  5 jackals
  9 kobolds
  5 quokkas
  4 frilled lizards
  9 rats
511 creatures vanquished.

Vanquished Creatures (collateral kills)
  Rupert (D:13)
  Snorg (D:11)
  2 hydras
  3 two-headed ogres
  A death yak (IceCv)
  A large abomination (Abyss:2)
  2 skysharks
  A deep troll (D:13)
  2 orc knights (Orc:2)
  2 cyclopes
  5 elephants
  4 black mambas
  7 cane toads
  A gargoyle (D:11)
  5 rime drakes
  3 komodo dragons
  2 polar bears (IceCv)
  2 hornets
  8 blink frogs
  2 dream sheep (Lair:5)
  3 shadows
  A wyvern (D:8)
  5 spriggans (Lair:5)
  A wraith (D:13)
  21 yaks
  A vampire mosquito (D:12)
  4 nagas (Lair:3)
  3 water moccasins
  An ice beast (D:8)
  3 orc warriors
  4 black bears
  An ogre (D:5)
  9 wolves
  4 bullfrogs
  A gnoll sergeant (D:11)
  4 killer bees
  An electric eel (Lair:5)
  3 orc priests
  3 orc wizards
  4 hell rats (Lair:2)
  A centaur simulacrum (D:8)
  6 gnolls
  An orc zombie (Orc:2)
  5 river rats (Lair:2)
  An ufetubus (D:8)
  12 orcs
  A hobgoblin (D:11)
  2 quokkas (Lair:2)
  3 rats (Lair:2)
164 creatures vanquished.

Vanquished Creatures (others)
  A vault warden (Abyss:2)
  An ironbound preserver (Abyss:2)
  2 ettins
  4 hydras
  2 anacondas (Gauntlet)
  A death knight (Gauntlet)
  An ogre mage (D:13)
  A centaur warrior (D:11)
  A two-headed ogre (Volcano)
  2 orc high priests (Orc:2)
  2 skysharks
  An anaconda zombie (Gauntlet)
  2 lindwurms (Volcano)
  An orc knight (D:11)
  An ugly thing zombie (Gauntlet)
  2 deep elf pyromancers (D:11)
  2 orc sorcerers (Orc:2)
  5 salamanders (Volcano)
  An elephant (Lair:5)
  5 centaur zombies
  3 black mambas
  A cane toad (Lair:2)
  10 rime drakes (IceCv)
  An unseen horror zombie (D:12)
  2 death yak zombies (IceCv)
  4 komodo dragons
  A merfolk (Gauntlet)
  A hydra zombie (Lair:5)
  A wind drake (Gauntlet)
  A polar bear (Lair:3)
  3 blink frogs
  A jumping spider zombie (Gauntlet)
  3 black mamba zombies
  A jumping spider (Gauntlet)
  3 yaks
  A wind drake zombie (Gauntlet)
  A basilisk (Lair:4)
  2 wargs
  3 two-headed ogre zombies
  2 human zombies
  A water moccasin (D:11)
  7 cane toad zombies
  A merfolk zombie (Gauntlet)
  An acid dragon (D:10)
  A skyshark zombie (Lair:5)
  2 swamp drakes (Gauntlet)
  A hornet zombie (Lair:5)
  A lindwurm zombie (Volcano)
  6 orc warriors
  4 black bears (Lair:5)
  2 dream sheep zombies (Lair:5)
  4 ice beasts (IceCv)
  4 blink frog zombies (Lair:5)
  2 centaurs
  An elf zombie (D:11)
  7 rime drake zombies
  5 salamander zombies (Volcano)
  3 komodo dragon zombies (Lair:5)
  A bullfrog (D:9)
  A hell hound zombie (Volcano)
  3 water moccasin zombies
  A warg zombie (Orc:2)
  6 yak zombies
  A killer bee (D:11)
  4 polar bear zombies
  7 spriggan zombies (Lair:5)
  18 wolf zombies
  3 bullfrog zombies
  A hound (D:11)
  2 orc priests (Orc:2)
  2 black bear zombies (Lair:5)
  2 boggart zombies (Lair:5)
  6 orc wizards
  3 killer bee zombies (D:10)
  4 ice beast zombies (IceCv)
  An ogre zombie (Orc:2)
  3 naga zombies (Lair:3)
  33 orc zombies
  2 adders
  2 swamp drake zombies (Gauntlet)
  An adder zombie (D:9)
  A dart slug (D:9)
  6 orcs
  A dart slug zombie (D:9)
  A gnoll zombie (D:11)
  A bush (Lair:5)
  2 demonic plants (Gauntlet)
  41 fungi
  105 plants
401 creatures vanquished.

Grand Total: 1076 creatures vanquished

Notes
Turn   | Place    | Note
-------+----------+-------------------------------------------
     0 | D:1      | Lavandula the Mummy Wanderer began the quest for the Orb.
     0 | D:1      | Lavandula set off with the following items: a +0 club, a
                  | scroll of silence, a +0 robe, a +0 buckler; and the
                  | following spells available to memorise: Necrotise, Kiss of
                  | Death, Sting, Cigotuvi's Dreadful Rot, Mephitic Cloud.
     0 | D:1      | Reached XP level 1. HP: 15/15 MP: 4/4
     2 | D:1      | Learned a level 1 spell: Necrotise
     4 | D:1      | Learned a level 1 spell: Kiss of Death
     6 | D:1      | Learned a level 1 spell: Sting
   225 | D:1      | Reached XP level 2. HP: 21/21 MP: 2/5
   261 | D:1      | Found a faded altar of an unknown god.
  1103 | D:2      | Reached skill level 4 in Necromancy
  1239 | D:2      | Learned a level 2 spell: Cigotuvi's Dreadful Rot
  1343 | D:2      | Gained mutation: You are in touch with the powers of death.
                  | [Mummy growth]
  1343 | D:2      | Reached XP level 3. HP: 26/26 MP: 2/7
  1665 | D:2      | Found a sparkling altar of Nemelex Xobeh.
  1672 | D:2      | Found Inuherpha's Distillery.
  2240 | D:3      | Identified the +10 hammer of Dishonesty {holy, Str+3
                  | Stlth+}
  2248 | D:3      | Found a runed translucent door.
  2249 | D:3      | Noticed Crazy Yiuf
  2282 | D:3      | Reached XP level 4. HP: 26/32 MP: 2/8
  2285 | D:3      | Reached skill level 5 in Necromancy
  2386 | D:3      | Learned a level 2 spell: Blink
  2852 | D:3      | Reached skill level 1 in Maces & Flails
  3372 | D:4      | Noticed Ijyb
  3381 | D:4      | Killed Ijyb
  3382 | D:4      | Reached XP level 5. HP: 27/29 MP: 6/9
  3750 | D:4      | Identified the +0 ring mail of Gallantry {rCorr Dex+3}
  4002 | D:4      | Found a basalt altar of Yredelemnul.
  4189 | D:5      | Entered Level 5 of the Dungeon
  4195 | D:5      | Reached XP level 6. HP: 36/39 MP: 4/10
  4848 | D:5      | Reached XP level 7. HP: 36/43 MP: 11/11
  4866 | D:5      | Reached skill level 5 in Maces & Flails
  5260 | D:5      | Reached XP level 8. HP: 32/50 MP: 10/12
  5495 | D:6      | Found an ornate altar of the Wu Jian Council.
  5874 | D:7      | Noticed Joseph
  5996 | D:7      | Found a staircase to the Ecumenical Temple.
  6005 | D:7      | Identified the +11 dagger "Huvaz" {flame, *Rage rElec rN+
                  | Str+3}
  6017 | Temple   | Entered the Ecumenical Temple
  6034 | Temple   | Became a worshipper of Kikubaaqudgha
  6111 | D:7      | Reached skill level 1 in Short Blades
  6259 | D:7      | Reached XP level 9. HP: 20/59 MP: 13/13
  6450 | D:6      | Found a burning altar of Makhleb.
  6450 | D:6      | Noticed a balrug
  6453 | D:6      | Noticed an orange demon
  6824 | D:7      | Found an opulent altar of Gozag.
  7051 | D:7      | Killed Joseph
  7052 | D:7      | Reached skill level 5 in Short Blades
  7447 | D:8      | Reached * piety under Kikubaaqudgha
  7447 | D:8      | Received a gift from Kikubaaqudgha
  7474 | D:8      | Found a flagged portal.
  7492 | Bailey   | Entered a bailey
  7518 | Bailey   | Upgraded the game from 0.30-a0-1160-g6e42c06551 to
                  | 0.30-a0-1163-gf69bf04e7a
  7670 | D:8      | Learned a level 3 spell: Mephitic Cloud
  7712 | D:8      | Reached skill level 1 in Air Magic
  7736 | D:8      | Reached ** piety under Kikubaaqudgha
  7818 | D:8      | Noticed a +0 dagger
  7819 | D:8      | Noticed a +0 dagger
  7859 | D:8      | Learned a level 3 spell: Stone Arrow
  7902 | D:8      | Reached skill level 1 in Conjurations
  8213 | D:8      | Reached XP level 10. HP: 39/61 MP: 2/14
  8397 | D:8      | Found a staircase to the Lair.
  8422 | D:8      | Reached skill level 1 in Earth Magic
  8661 | D:8      | Found a hide-covered altar of Uskayaw.
  9224 | D:8      | Found an iron altar of Okawaru.
  9291 | D:9      | Reached skill level 1 in Long Blades
  9298 | D:9      | Learned a level 4 spell: Animate Dead
  9323 | D:9      | Noticed a two-headed ogre
  9337 | D:9      | Noticed a two-headed ogre
  9345 | D:9      | Killed a two-headed ogre
  9346 | D:9      | Reached skill level 5 in Spellcasting
  9352 | D:9      | Killed a two-headed ogre
  9504 | D:9      | Learned a level 4 spell: Dispel Undead
  9739 | D:9      | Noticed a two-headed ogre
  9764 | D:9      | Killed a two-headed ogre
  9899 | D:9      | Noticed a two-headed ogre
  9946 | D:9      | Killed a two-headed ogre
  9947 | D:9      | Reached skill level 6 in Necromancy
  9947 | D:9      | Reached XP level 11. HP: 50/70 MP: 4/21
 10140 | D:9      | Found a bloodstained altar of Trog.
 10374 | D:10     | Entered Level 10 of the Dungeon
 10398 | D:9      | Reached skill level 7 in Necromancy
 10576 | D:10     | Reached *** piety under Kikubaaqudgha
 10576 | D:10     | Received a gift from Kikubaaqudgha
 10592 | D:10     | Learned a level 4 spell: Anguish
 10639 | D:10     | Noticed a two-headed ogre
 10651 | D:10     | Killed a two-headed ogre
 10652 | D:10     | Reached skill level 8 in Necromancy
 10836 | D:10     | Found a shadowy altar of Dithmenos.
 10882 | D:10     | Found a blossoming altar of Fedhas.
 10997 | D:10     | Found Maqeuro's General Store.
 11005 | D:10     | Bought a scroll of blinking for 112 gold pieces
 11137 | D:10     | Reached skill level 9 in Necromancy
 11471 | D:11     | Noticed a cyan ugly thing
 11616 | D:11     | Noticed a deep elf pyromancer
 11617 | D:11     | Found a frozen archway.
 11619 | D:11     | HP: 2/70 [troll (10)]
 11627 | IceCv    | Entered an ice cave
 11653 | IceCv    | Noticed a death yak
 11659 | IceCv    | Reached skill level 10 in Necromancy
 11674 | IceCv    | Killed a death yak
 11687 | IceCv    | Reached skill level 11 in Necromancy
 11772 | IceCv    | Noticed a death yak
 11787 | IceCv    | Killed a death yak
 11853 | IceCv    | Reached XP level 12. HP: 69/76 MP: 15/22
 11894 | IceCv    | Noticed a death yak
 11894 | IceCv    | Noticed a death yak
 11894 | IceCv    | Noticed a death yak
 12008 | IceCv    | Killed a death yak
 12010 | IceCv    | Noticed a death yak
 12030 | IceCv    | Killed a death yak
 12286 | IceCv    | Killed a death yak
 12307 | IceCv    | Killed a death yak
 12445 | IceCv    | Noticed a death yak
 12445 | IceCv    | Noticed a frost giant
 12452 | IceCv    | Reached skill level 5 in Fighting
 12458 | IceCv    | Killed a frost giant
 12466 | IceCv    | Killed a death yak
 12708 | D:11     | Noticed Snorg
 12720 | D:11     | Killed Snorg
 12721 | D:11     | Reached skill level 5 in Long Blades
 13092 | Lair:1   | Entered Level 1 of the Lair of Beasts
 13118 | Lair:1   | Identified the +8 scale mail of Mymmen {Int+6}
 13195 | Lair:1   | Found a gate leading to a gauntlet.
 13204 | Gauntlet | Entered a Gauntlet
 13204 | Gauntlet | Found a transporter.
 13214 | Gauntlet | Found a transporter.
 13225 | Gauntlet | Found a transporter.
 13227 | Gauntlet | Found a transporter.
 13229 | Gauntlet | Noticed a death yak
 13231 | Gauntlet | Noticed a death yak
 13232 | Gauntlet | Noticed a death yak
 13236 | Gauntlet | Found a transporter.
 13252 | Gauntlet | Found a transporter.
 13262 | Gauntlet | Found a transporter.
 13264 | Gauntlet | Noticed a great orb of eyes
 13272 | Gauntlet | Found a transporter.
 13286 | Gauntlet | Found a transporter.
 13295 | Gauntlet | Found a transporter.
 13297 | Gauntlet | Found a transporter.
 13312 | Gauntlet | Found a transporter.
 13370 | Gauntlet | Found a transporter.
 13390 | Gauntlet | Identified the +1 ring mail of the Dice {Rampage Stlth+}
 13467 | Gauntlet | Noticed a minotaur
 14226 | Lair:2   | Gained mutation: You are strongly in touch with the powers
                  | of death. [Mummy growth]
 14226 | Lair:2   | Reached XP level 13. HP: 76/96 MP: 17/24
 14273 | Lair:2   | Reached skill level 1 in Armour
 14329 | Lair:2   | Found a dark tunnel.
 14341 | Volcano  | Entered a volcano
 14752 | Lair:2   | Noticed Maggie
 14760 | Lair:2   | Killed Maggie
 14913 | Lair:2   | Your ally Maggie died
 15899 | Lair:3   | Reached skill level 5 in Armour
 16085 | Lair:3   | Found a transporter.
 16099 | Lair:3   | Found a staircase to the Snake Pit.
 16182 | Lair:3   | Reached **** piety under Kikubaaqudgha
 16343 | Lair:3   | Found a transporter.
 16343 | Lair:3   | Noticed choppaz's ghost (journeyman VSMo)
 16344 | Lair:3   | Found a one-way gate to the infinite horrors of the Abyss.
 16587 | Lair:3   | Found a staircase to the Swamp.
 17277 | Lair:4   | Reached XP level 14. HP: 48/103 MP: 25/25
 17893 | Lair:5   | Entered Level 5 of the Lair of Beasts
 18043 | Lair:5   | Reached ***** piety under Kikubaaqudgha
 18071 | Lair:5   | Reached skill level 10 in Armour
 18971 | Lair:5   | Reached skill level 12 in Necromancy
 19003 | Lair:5   | Found a viscous altar of Jiyva.
 19004 | Lair:5   | Found a staircase to the Slime Pits.
 19684 | D:11     | Found a staircase to the Orcish Mines.
 20039 | D:12     | Reached ****** piety under Kikubaaqudgha
 20353 | D:12     | Found Kiwityize's Assorted Antiques.
 20365 | D:12     | Bought a diamond ring for 115 gold pieces
 20365 | D:12     | Bought a scroll of enchant armour for 172 gold pieces
 20517 | D:12     | Found a runed translucent gate.
 20518 | D:12     | Found a runed translucent gate.
 20519 | D:12     | Found a runed translucent gate.
 20525 | D:12     | Reached skill level 13 in Necromancy
 20611 | D:12     | Noticed spyp's ghost (journeyman HOHu)
 20611 | D:12     | Noticed Xevvocidgh's ghost (journeyman FoHs)
 20611 | D:12     | Noticed Rueniydgh's ghost (journeyman OpSu)
 20733 | D:12     | Killed spyp's ghost
 20742 | D:12     | Killed Xevvocidgh's ghost
 20752 | D:12     | Killed Rueniydgh's ghost
 20767 | D:12     | Identified the -1 hat of the Watchman {rPois rC+}
 20944 | D:13     | Reached XP level 15. HP: 94/108 MP: 23/26
 20951 | D:13     | Learned a level 6 spell: Simulacrum
 21043 | D:13     | Reached skill level 1 in Ice Magic
 21130 | Orc:1    | Entered Level 1 of the Orcish Mines
 21130 | Orc:1    | You fall into a shaft and drop 1 floor!
 21130 | Orc:2    | Entered Level 2 of the Orcish Mines
 21688 | Orc:2    | Reached skill level 14 in Necromancy
 21905 | Orc:2    | Found Tysyil's Antique Armour Emporium.
 21905 | Orc:2    | Found Tichesod's Book Shop.
 21907 | Orc:2    | Found Caoxzia's Weapon Emporium.
 21907 | Orc:2    | Found Ninablim's General Store.
 21936 | Orc:2    | Bought a book of Death for 528 gold pieces
 22050 | Orc:2    | Found a staircase to the Elven Halls.
 22813 | D:10     | Bought a scroll of enchant weapon for 112 gold pieces
 22813 | D:10     | Bought a phantom mirror for 600 gold pieces
 22813 | D:10     | Bought a scroll of fear for 60 gold pieces
 22981 | D:13     | Learned a level 5 spell: Irradiate
 23056 | D:13     | Identified the +1 robe "Ricvigrux" {Dex+3}
 23119 | D:13     | Found a gate to the Vaults.
 23164 | D:13     | Noticed Rupert
 23176 | D:13     | Killed Rupert
 23177 | D:13     | Reached skill level 1 in Transmutations
 23496 | Abyss:2  | Cast into level 2 of the Abyss (a wizard)
 23564 | Abyss:2  | Killed from afar by a ynoxinul

Illustrated notes

Levels and vault maps discovered:
D:1:      nicolae_arrival_washed_ashore, layout_loops_ring,
          shapermc_ecumenical_altar_mp_vishouse, minmay_tetromino_l2
D:2:      layout_loops_cross, basic_altar, serial_shops, shop
D:3:      layout_basic, uniq_crazy_yiuf_cottage
D:4:      layout_basic, kennysheep_ying_yang, uniq_ijyb
D:5:      minmay_razor_zed, layout_basic
D:6:      layout_cave_pods, mainiacjoe_overflow_24_doors,
          makhleb_altar_promises_db
D:7:      kennysheep_big_flooded_room, layout_loops_ring,
          mainiacjoe_overflow_brackets, minmay_temple_entry_offerings,
          hangedman_decor_lopped, uniq_joseph
D:8:      layout_basic, mainiacjoe_overflow_surrounded_room,
          kennysheep_mini_moat, dancing_weapons_uskayaw, david_lair_shrubbed,
          enter_bailey_3, serial_ice, serial_ice_n, serial_ice_h, serial_ice_b,
          serial_ice_f, nrook_uturn
D:9:      layout_irregular_city, trog_book
D:10:     layout_basic, fedhas_ov_isle_minmay, nicolae_overflow_hidden_temple,
          nicolae_dithmenos_through_a_glass_darkly, serial_shops,
          shop_fountains, eino_tiny_chamber, st_stairs_11, grunt_decor_cap,
          moated_statue
D:11:     layout_gridville, erik_orc_4, portal_ice_cave_entry_pillars_1,
          uniq_snorg
D:12:     layout_loops_ring, gammafunk_ghost_cemetery, serial_shops,
          shop_fountains, hangedman_decor_clover_reticule
D:13:     layout_cave_pools, david_vaults_2, minmay_misc_feat_tiny, uniq_rupert
D:14:     layout_loops_ring, serial_ice, serial_ice_c, serial_ice_g,
          serial_ice_m, serial_ice_d, serial_shops, bzr_entry_safe,
          kennysheep_boxes, kennysheep_dice, uniq_nessos
Temple:   zaba_magenta_temple
Lair:1:   layout_cave_shapes, gauntlet_entry_generic, pdpol_lair_cavern_descent
Lair:2:   lemuel_ratsnest, layout_loops_ring, nicolae_volcano_entry_hallway,
          grunt_megastairs_5, uniq_maggie
Lair:3:   layout_regular_city, minmay_swamp_entry_eels,
          minmay_snake_entry_guardpost_small, gammafunk_ghost_abyssal_escape
Lair:4:   layout_regular_city, kilobyte_rumbling_trees
Lair:5:   minmay_lair_end_enchanted_forest, layout_cave_pods,
          dpeg_slime_entry_corner, serial_bayou, serial_bayou_crossing,
          serial_bayou_pond_a, serial_bayou_pond_e, serial_bayou_lake_a
Orc:1:    layout_caves, serial_shops, nicolae_orc_lava_room
Orc:2:    grunt_orc_tribal_feast, layout_diamond_mine, basic_altar
Abyss:2:  base: D:12, spicy_abyss_pitcher_plant

Skill      XL: |  1  2  3  4  5  6  7  8  9 10 11 12 13 14 15 |
---------------+----------------------------------------------+-----
Necromancy     | 4 5 6 11 13 14 | 14.2
Maces & Flails | 1 3 4 6 8 |  8.2
Short Blades   | 3 6 |  6.6
Spellcasting   | 3 6 7 9 |  9.0
Air Magic      | 2 |  2.2
Poison Magic   | 2 |  2.0
Conjurations   | 2 3 |  3.6
Earth Magic    | 1 |  1.8
Long Blades    | 4 7 9 |  9.9
Fighting       | 7 |  7.1
Armour         | 8 10 | 10.0
Shields        | 3 |  3.0
Ice Magic      | 3 |  3.0
Transmutations | 1 |  1.8
Dodging        | |  1.0
Stealth        | |  1.2

Action                     |  1- 3 |  4- 6 |  7- 9 | 10-12 | 13-15 || total
---------------------------+-------+-------+-------+-------+-------++-------
  Melee: Short sword       |     9 |       |       |       |       ||     9
         Mace              |       |    95 |   304 |    26 |       ||   425
         Long sword        |       |       |       |   220 |       ||   220
         Demon blade       |       |       |       |   115 |   237 ||   352
         Triple sword      |       |       |       |       |   602 ||   602
  Throw: Dart              |       |       |     3 |    13 |     1 ||    17
   Cast: Necrotise         |    78 |    35 |    59 |    15 |       ||   187
         Sting             |     1 |       |     1 |       |       ||     2
         Cigotuvi's Dreadf |     1 |       |     2 |       |       ||     3
         Kiss of Death     |       |     4 |     7 |     2 |       ||    13
         Stone Arrow       |       |       |     3 |    27 |     3 ||    33
         Mephitic Cloud    |       |       |     2 |    38 |    38 ||    78
         Animate Dead      |       |       |       |    17 |    23 ||    40
         Anguish           |       |       |       |    13 |    25 ||    38
         Dispel Undead     |       |       |       |       |     4 ||     4
         Simulacrum        |       |       |       |       |     4 ||     4
 Invoke: Unearth Wretches  |       |       |       |    17 |    15 ||    32
         Torment           |       |       |       |       |     3 ||     3
  Evoke: Wand              |       |       |    19 |    12 |    30 ||    61
         Phantom mirror    |       |       |       |       |     1 ||     1
    Use: Scroll            |       |       |    17 |    15 |     9 ||    41
   Stab: Sleeping          |       |       |     3 |       |     2 ||     5
         Distracted        |       |       |     2 |     3 |    10 ||    15
         Confused          |       |       |       |    17 |    26 ||    43
         Paralysed         |       |       |       |    10 |     6 ||    16
 Armour: Robe              |     5 |    25 |   136 |    95 |    90 ||   351
         Scale mail        |       |       |       |    48 |   341 ||   389
         Acid dragon scale |       |       |       |       |   330 ||   330
         Leather armour    |       |       |       |       |     8 ||     8
  Dodge: Dodged            |    10 |    40 |   222 |   170 |   536 ||   978
  Block: Buckler           |     6 |    46 |    77 |    66 |    57 ||   252
         Reflection        |       |     2 |       |       |       ||     2

Table legend: (Time is in decaauts)
 A = Elapsed time spent in this place.
 B = Non-inter-level travel time spent in this place.
 C = Inter-level travel time spent in this place.
 D = Time resting spent in this place.
 E = Time spent auto-exploring this place.
 F = Levels seen in this place.
 G = Mean time per level.
                   A        B        C        D        E       F      G
               +--------+--------+--------+--------+--------+-----+--------+
         Total |  23897 |  22355 |   1542 |   1682 |  14491 |  27 |  885.1 |
       Dungeon |  14419 |  13346 |   1073 |    939 |   9267 |  14 | 1029.9 |
        Temple |     34 |     18 |     16 |      0 |      7 |   1 |   34.0 |
          Lair |   5833 |   5505 |    328 |    218 |   3848 |   5 | 1166.6 |
  Orcish Mines |   1647 |   1524 |    123 |    172 |    975 |   2 |  823.5 |
         Abyss |     70 |     70 |      0 |      0 |      0 |   1 |   70.0 |
        Bailey |    129 |    129 |      0 |      0 |     38 |   1 |  129.0 |
      Ice Cave |   1053 |   1053 |      0 |    208 |    336 |   1 | 1053.0 |
       Volcano |    393 |    393 |      0 |    127 |      0 |   1 |  393.0 |
      Gauntlet |    315 |    315 |      0 |     18 |     19 |   1 |  315.0 |
               +--------+--------+--------+--------+--------+-----+--------+

Top non-repeatable levels by time:
     D:8: 1726 daAuts
  Lair:5: 1700 daAuts
    D:10: 1413 daAuts
     D:3: 1263 daAuts
     D:9: 1222 daAuts
     D:7: 1202 daAuts
    D:12: 1186 daAuts
  Lair:3: 1183 daAuts
  Lair:2: 1143 daAuts
     D:5: 1118 daAuts
     D:4: 1064 daAuts
   Orc:2: 1060 daAuts
   IceCv: 1053 daAuts
     D:1: 1033 daAuts
     D:6: 1015 daAuts
